 Dungeon Crawl Stone Soup version 0.17.1-3-g152610e (webtiles) character file.

200 Gargoyl the Skirmisher (level 5, -4/41 HPs)
             Began as a Demonspawn Abyssal Knight on Mar 23, 2016.
             Was a Priest of Lugonu.
             Slain by an ogre
             ... wielding a +0 giant club
              (18 damage)
             ... on level 4 of the Dungeon.
             The game lasted 00:07:26 (3571 turns).

Gargoyl the Skirmisher (Demonspawn Abyssal Knight)  Turns: 3571, Time: 00:07:26

Health: -4/41      AC: 12    Str: 13    XL:     5   Next: 48%
Magic:  7/7        EV:  2    Int: 13    God:    Lugonu [***...]
Gold:   177        SH: 11    Dex: 15    Spells: 0 memorised, 4 levels left

rFire  . . .     SeeInvis .     a - +1 hand axe
rCold  . . .     Clarity  .     h - +0 chain mail
rNeg   . . .     SustAt   .     j - +0 large shield
rPois  .         Gourm    .     r - +1 helmet
rElec  .         Spirit   .     (no cloak)
rCorr  .         Warding  .     t - +0 pair of gloves
rMut   .         Stasis   .     (no boots)
MR     .....                    (no amulet)
Stlth  ..........               (no ring)
                                (no ring)

@: not resistant to hostile enchantments, extremely unstealthy
A: thin skeletal structure 1
a: Depart the Abyss, Bend Space, Banish, Renounce Religion


You were on level 4 of the Dungeon.
You worshipped Lugonu.
Lugonu was most pleased with you.
You were not hungry.

You visited 1 branch of the dungeon, and saw 4 of its levels.
You visited the Abyss 1 time.

You collected 177 gold pieces.

Inventory:

Hand Weapons
 a - a +1 hand axe (weapon)
Missiles
 q - a tomahawk (quivered)
Armour
 h - a +0 chain mail (worn)
 j - a +0 large shield (worn)
 r - a +1 helmet (worn)
 t - a +0 pair of gloves (worn)
Wands
 l - a wand of flame (12)
Scrolls
 b - a scroll of recharging {unknown}
 f - 5 scrolls of identify {unknown}
 o - a scroll of immolation {unknown}
 p - a scroll of amnesia {unknown}
 x - a scroll of remove curse {unknown}
Potions
 d - 3 potions of haste {unknown}
 e - a potion of cure mutation {unknown}
 g - a potion of resistance {unknown}
 i - a potion of curing {unknown}
 n - 2 potions of brilliance {unknown}
 u - a potion of heal wounds {unknown}
 z - a potion of lignification {unknown}
Comestibles
 c - 3 bread rations
 k - a beef jerky
 m - a slice of pizza
 s - 2 meat rations
 v - a royal jelly
 w - a chunk of flesh


   Skills:
 + Level 3.6 Fighting
 + Level 2.6 Axes
 * Level 3.0 Armour
 + Level 2.1 Dodging
 + Level 1.7 Shields
 + Level 2.9 Invocations


You had 4 spell levels left.
You didn't know any spells.

Dungeon Overview and Level Annotations

Branches:
Dungeon (4/15)
 Temple: D:4-7

Altars:


Innate Abilities, Weirdness & Mutations

You have a somewhat thin skeletal structure (Dex +2, Stealth).


Message History

The ogre is moderately wounded.
The ogre hits you with a giant club.
You hit the ogre.
The ogre is heavily wounded.
The ogre hits you but does no damage.
You hit the ogre.
The ogre is heavily wounded.
You block the ogre's attack.
A gnoll comes into view. It is wielding a club.
The gnoll shouts!
You hit the ogre.
The ogre is severely wounded.
The ogre hits you with a giant club!
Your shield and chain mail prevent you from hitting the ogre.
The ogre is severely wounded.
The ogre hits you with a giant club.
You hit the ogre.
The ogre is almost dead.
The ogre hits you with a giant club!!
You die...

## .. ...#.#
# ..#.#
#.###.#.#
#.....#.#####
.......ggO@.#
.......g###.#
........# #.#
###..#<# #.#
#..#.# #.#
.g. #.# #.#
... #.# #.#
### #.# #.#
#.###.#


You could see an ogre and 3 gnolls.

Vanquished Creatures
  Terence (D:3)
  A worker ant (D:4)
  Robin (D:3)
  4 adders
  2 worms
  4 orcs (D:3)
  A ball python (D:1)
  5 bats
  A giant cockroach (D:3)
  14 hobgoblins
  3 quokkas (D:2)
  2 giant geckos
  4 giant newts
  24 goblins
  7 jackals
  6 kobolds
  8 rats
88 creatures vanquished.

Notes
Turn   | Place    | Note
--------------------------------------------------------------
     0 | Abyss:1  | Gargoyl the Demonspawn Abyssal Knight began the quest for the Orb.
     0 | Abyss:1  | Reached XP level 1. HP: 18/18 MP: 2/2
     3 | Abyss:1  | Found a corrupted altar of Lugonu.
    62 | Abyss:1  | Noticed an iron imp
    67 | Abyss:1  | Noticed a large abomination
    87 | D:1      | Escaped the Abyss
    90 | D:1      | Reached skill level 1 in Dodging
   353 | D:1      | Reached * piety under Lugonu
   564 | D:1      | Gained mutation: You have a somewhat thin skeletal structure (Dex +2, Stealth). [demonic ancestry]
   564 | D:1      | Reached XP level 2. HP: 24/24 MP: 4/4
  1302 | D:1      | Reached XP level 3. HP: 29/29 MP: 5/5
  1675 | D:2      | Reached ** piety under Lugonu
  2179 | D:2      | Reached XP level 4. HP: 28/35 MP: 6/6
  2349 | D:3      | Reached skill level 1 in Shields
  2380 | D:3      | Noticed Robin
  2398 | D:3      | Killed Robin
  2870 | D:3      | Noticed Terence
  2917 | D:3      | Killed Terence
  2917 | D:3      | Reached XP level 5. HP: 29/41 MP: 7/7
  3302 | D:3      | Reached *** piety under Lugonu
  3559 | D:4      | Noticed an ogre
  3571 | D:4      | Slain by an ogre

Action                   |  1- 3 |  4- 6 || total
-------------------------+-------+-------++-------
Melee: Hand axe          |   194 |   152 ||   346
       Unarmed           |       |    39 ||    39
Throw: Tomahawk          |       |     2 ||     2
Invok: Depart the Abyss  |     1 |       ||     1
  Eat: Chunk             |     4 |     1 ||     5
       Bread ration      |     1 |       ||     1
